 Dungeon Crawl Stone Soup version 0.30-a0-377-g5cb311bc9f (webtiles) character file.

Game seed: 17371195266051330897

2248 timneilson the Covered (level 9, -2/54 HPs)
             Began as a Gargoyle Fighter on Dec 1, 2022.
             Was an Initiate of Gozag.
             Slain by a manticore (16 damage)
             ... on level 6 of the Dungeon.
             The game lasted 00:09:07 (5628 turns).

timneilson the Covered (Gargoyle Fighter)           Turns: 5628, Time: 00:09:07

Health: -2/54      AC: 19    Str: 24    XL:     9   Next: 37%
Magic:  9/9        EV: 12    Int:  9    God:    Gozag
Gold:   442        SH:  6    Dex:  9    Spells: 8/8 levels left

rFire   . . .      SeeInvis .    n - +0 scimitar (vorpal)
rCold   . . .      Faith    .    c - +1 buckler
rNeg    + . .      Spirit   .    F - +0 chain mail
rPois   ∞          Reflect  .    v - +0 helmet
rElec   +          Harm     .    p - +0 cloak
rCorr   .          Rampage  .    (no gloves)
Will    .....                    (no boots)
Stlth   ..........               e - amulet of the acrobat
HPRegen 0.29/turn                k - +4 ring of evasion
MPRegen 0.11/turn                (no ring)

@: no status effects
A: sickness immunity, AC +6, negative energy resistance 1, electricity
resistance, torment resistance 1, petrification resistance
a: Renounce Religion, Potion Petition, Call Merchant, Bribe Branch


You were on level 6 of the Dungeon.
You worshipped Gozag.
Gozag was aware of your devotion.
You visited 1 branch of the dungeon, and saw 6 of its levels.

You collected 530 gold pieces.
You paid 88 gold pieces to Gozag.

Inventory:

Hand Weapons
 a - a +0 long sword of electrocution
 n - a +0 vorpal scimitar (weapon)
Armour
 c - a +1 buckler (worn)
 p - a +0 cloak (worn)
 v - a +0 helmet (worn)
 y - a +0 tower shield
 F - a +0 chain mail (worn)
Jewellery
 e - an amulet of the acrobat (around neck)
 k - a +4 ring of evasion (left hand)
Wands
 w - a wand of flame (3)
 A - a wand of paralysis (5)
Scrolls
 b - 2 scrolls of brand weapon
 f - a scroll of amnesia
 g - 2 scrolls of butterflies {unknown}
 o - a scroll of enchant armour
 r - a scroll of blinking {unknown}
 u - 2 scrolls of immolation
 x - a scroll of vulnerability {unknown}
 z - 3 scrolls of teleportation
 C - a scroll of torment {unknown}
 D - a scroll of identify
 G - a scroll of silence
Potions
 d - a potion of might
 h - a potion of heal wounds
 i - 2 potions of haste
 j - a potion of flight
 l - a potion of berserk rage
 m - a potion of lignification
 q - 4 potions of curing {unknown}
 s - a potion of attraction {unknown}
 t - a potion of invisibility {unknown}
 B - a potion of cancellation {unknown}
 E - a potion of mutation {unknown}
 H - a potion of resistance {unknown}


   Skills:
 + Level 5.6 Fighting
 * Level 5.7 Long Blades
 * Level 7.3 Armour
 + Level 3.1 Dodging
 * Level 7.2 Shields
 + Level 2.1 Evocations


You had 8 spell levels left.
You didn't know any spells.
Your spell library contained the following spells:

 Spells                   Type           Power      Damage    Failure   Level
 Apportation              Tloc           0%         N/A       97%         1
 Necrotise                Necr           0%         1d4       97%         1
 Sting                    Tmut/Pois      0%         1d3       97%         1
 Summon Small Mammal      Summ           0%         N/A       97%         1
 Wereblood                Tmut           0%         N/A       99%         2
 Portal Projectile        Hex/Tloc       0%         N/A       100%        3
 Tukima's Dance           Hex            0%         N/A       100%        3
 Blade Hands              Tmut           0%         N/A       100%        5
 Dragon Form              Tmut           0%         N/A       100%        7
 Necromutation            Tmut/Necr      0%         N/A       100%        8


Dungeon Overview and Level Annotations

Branches:
Dungeon (6/15)
 Temple: D:4-7

Altars:
Fedhas
Gozag
Hepliaklqana
Trog
Uskayaw
Xom

Shops:
D:1 (*?   D:5 [


Innate Abilities, Weirdness & Mutations

You are immune to sickness and miasma.
Your stone body is resilient. (AC +6)
You are immune to poison.
You resist negative energy. (rN+)
You are resistant to electric shocks. (rElec)
You are resistant to unholy torment.
You are immune to petrification.


Message History

The manticore is heavily wounded.
The manticore bites you but does no damage.
The manticore closely misses you.
The manticore claws you but does no damage.
The manticore bites you but does no damage.
You block the manticore's attack.
The manticore claws you but does no damage.
You hit the manticore but do no damage.
The manticore is heavily wounded.
The manticore bites you but does no damage.
You block the manticore's attack.
The manticore claws you but does no damage.
You closely miss the manticore.
The manticore is heavily wounded.
The manticore bites you but does no damage.
The manticore claws you but does no damage. x2
You hit the manticore.
The manticore is heavily wounded.
You block the manticore's attack. The manticore closely misses you.
You block the manticore's attack.
You barely miss the manticore.
The manticore is heavily wounded.
You block the manticore's attack.
The manticore claws you but does no damage.
The manticore completely misses you.
You hit the manticore but do no damage.
The manticore is heavily wounded.
The manticore bites you. The manticore claws you.
The manticore claws you but does no damage.
You slash the manticore!
The manticore is severely wounded.
The manticore closely misses you. x2
The manticore claws you but does no damage.
You closely miss the manticore.
The manticore is severely wounded.
You block the manticore's attack. The manticore claws you!
* * * LOW HITPOINT WARNING * * *
The manticore barely misses you. The manticore bites you!
You die...
Your body crumbles into a pile of gold.

.....#....####.######)#.#########
..#....###.....# #)#..........
###..........### #.###........
.............# #>.##........
#(...........# ######...........
#....############.......#..<.....
#.......###.......####.##........
....###...######### #.##########
........<##....H@.## #...#
.........#?.#.###..# ###.########
#######.## #..## #........# #.#
#.#########......# #.#
#..##.....#......# #.#
##..#####.#......# #.#######.##.#
#........# #..#.#.#.##..#
###......# ##..........##
#......#


You could see a manticore.

Vanquished Creatures
  5 yaks (D:6)
  A steam dragon (D:6)
  3 ice beasts
  An ogre (D:5)
  2 centaurs
  A scorpion (D:5)
  2 hounds
  8 orc priests
  Crazy Yiuf (D:2)
  Jessica (D:2)
  Ijyb (D:5)
  Natasha (twice) (D:4)
  2 iguanas (D:5)
  4 orc wizards
  11 adders
  3 ufetubi
  2 worms (D:3)
  4 dart slugs
  13 orcs
  8 ball pythons
  10 bats
  3 endoplasms
  2 giant cockroaches
  5 goblins
  6 hobgoblins
  2 jackals (D:2)
  4 quokkas
  5 frilled lizards
  5 kobolds
  9 rats
126 creatures vanquished.

Notes
Turn   | Place    | Note
-------+----------+-------------------------------------------
     0 | D:1      | timneilson the Gargoyle Fighter began the quest for the
                  | Orb.
     0 | D:1      | Reached XP level 1. HP: 14/14 MP: 1/1
    30 | D:1      | Found Sipsoaxe's Magic Scroll Boutique.
   227 | D:1      | Reached XP level 2. HP: 14/19 MP: 2/2
   511 | D:1      | Found Fed Eda's Weapon Emporium.
   609 | D:1      | Found Ephaots's General Store.
   753 | D:2      | Noticed Jessica
   770 | D:2      | Killed Jessica
   771 | D:2      | Reached XP level 3. HP: 20/23 MP: 3/3
   878 | D:2      | Reached XP level 4. HP: 28/28 MP: 4/4
  1325 | D:2      | Found a runed translucent door.
  1326 | D:2      | Noticed Crazy Yiuf
  1380 | D:2      | HP: 1/28 [Crazy Yiuf/+2 quarterstaff of chaos (9)]
  1382 | D:2      | Killed Crazy Yiuf
  1547 | D:3      | Reached skill level 1 in Dodging
  1547 | D:3      | Reached XP level 5. HP: 33/33 MP: 5/5
  1729 | D:3      | Reached XP level 6. HP: 35/38 MP: 6/6
  1896 | D:3      | Found a hazy altar of Hepliaklqana.
  2006 | D:3      | Found a faded altar of an unknown god.
  2015 | D:3      | Found a hide-covered altar of Uskayaw.
  2137 | D:3      | Noticed an ice beast
  2156 | D:3      | Killed an ice beast
  2469 | D:3      | Reached skill level 5 in Armour
  2697 | D:4      | Reached skill level 5 in Shields
  2811 | D:4      | Reached XP level 7. HP: 43/43 MP: 7/7
  2829 | D:4      | Noticed Natasha
  2832 | D:4      | Killed Natasha
  2884 | D:4      | Noticed Natasha
  2887 | D:4      | Killed Natasha
  2947 | D:4      | Found a blossoming altar of Fedhas.
  3631 | D:5      | Entered Level 5 of the Dungeon
  3693 | D:5      | Reached XP level 8. HP: 39/48 MP: 8/8
  3748 | D:5      | Found Ceiss's Armour Shop.
  3809 | D:5      | Noticed Ijyb
  3830 | D:5      | Killed Ijyb
  4562 | D:5      | Reached skill level 5 in Fighting
  4793 | D:5      | Found an opulent altar of Gozag.
  4999 | D:5      | Became a worshipper of Gozag Ym Sagoz the Greedy
  5166 | D:6      | Reached skill level 1 in Evocations
  5260 | D:6      | Got the Tome of Transmigration
  5261 | D:6      | Noticed a yak
  5262 | D:6      | Noticed a yak
  5262 | D:6      | Noticed a yak
  5262 | D:6      | Noticed a yak
  5262 | D:6      | Noticed a yak
  5296 | D:6      | Killed a yak
  5297 | D:6      | Reached skill level 5 in Long Blades
  5305 | D:6      | Killed a yak
  5318 | D:6      | Reached XP level 9. HP: 35/54 MP: 9/9
  5527 | D:6      | Found a bloodstained altar of Trog.
  5539 | D:6      | Found a shimmering altar of Xom.
  5612 | D:6      | Noticed a manticore
  5628 | D:6      | Slain by a manticore

Illustrated notes

Levels and vault maps discovered:
D:1:      roderic_chinese_lattice_arrival, layout_basic, serial_shops,
          nicolae_shop_advertising_works [nicolae_subvault_shop_adworks], shop,
          shop, amcnicky_mini_pool_small
D:2:      layout_loops_cross, minmay_fractal_squares_gapless_5, uniq_jessica,
          uniq_crazy_yiuf_cottage
D:3:      layout_basic, mainiacjoe_overflow_boulevard,
          nicolae_overflow_ecumenical_swirl, minmay_liquid_box, minmay_vboxes
D:4:      layout_loops_ring, mainiacjoe_overflow_catwalk, uniq_natasha
D:5:      layout_basic, mainiacjoe_overflow_tiny_flanked, serial_shops,
          nicolae_shop_statue_plus, uniq_ijyb
D:6:      layout_rooms, mainiacjoe_overflow_alcove_2, trog_three_pillars_becter,
          minmay_misc_feat_ornament, minmay_small_thing

Skill      XL: |  1  2  3  4  5  6  7  8  9 |
---------------+----------------------------+-----
Long Blades    | 2 3 4 5 |  5.7
Armour         | 4 5 6 7 |  7.3
Shields        | 4 5 6 7 |  7.2
Dodging        | 1 2 3 |  3.1
Fighting       | 4 5 |  5.6
Evocations     | 1 2 |  2.1

Action                   |  1- 3 |  4- 6 |  7- 9 || total
-------------------------+-------+-------+-------++-------
Melee: Long sword        |    79 |   182 |    96 ||   357
       Scimitar          |       |       |   285 ||   285
  Use: Scroll            |     4 |     6 |     5 ||    15
       Potion            |       |       |     2 ||     2
 Stab: Distracted        |       |       |     1 ||     1
Armor: Scale mail        |    41 |    92 |   105 ||   238
       Chain mail        |       |       |    78 ||    78
Dodge: Dodged            |    66 |   131 |   238 ||   435
Block: Buckler           |    17 |    35 |   121 ||   173

Table legend: (Time is in decaauts)
 A = Elapsed time spent in this place.
 B = Non-inter-level travel time spent in this place.
 C = Inter-level travel time spent in this place.
 D = Time resting spent in this place.
 E = Time spent auto-exploring this place.
 F = Levels seen in this place.
 G = Mean time per level.
                   A        B        C        D        E       F      G
               +--------+--------+--------+--------+--------+-----+--------+
         Total |   5801 |   5644 |    157 |    215 |   3994 |   6 |  966.8 |
       Dungeon |   5801 |   5644 |    157 |    215 |   3994 |   6 |  966.8 |
               +--------+--------+--------+--------+--------+-----+--------+

Top non-repeatable levels by time:
     D:5: 1437 daAuts
     D:3: 1036 daAuts
     D:4: 1023 daAuts
     D:2: 926 daAuts
     D:1: 759 daAuts
     D:6: 618 daAuts
